 Dungeon Crawl Stone Soup version 0.31-a0-631-g285b096dc4 (webtiles) character file.

Game seed: 11587976417253234989

212 LeprechaunX the Changeling (level 5, -8/35 HPs)
             Began as an Octopode Shapeshifter on Aug 25, 2023.
             Was an Initiate of Ru.
             Mangled by a wyvern (12 damage)
             ... on level 4 of the Dungeon.
             The game lasted 00:02:38 (2859 turns).

LeprechaunX the Changeling (Octopode Shapeshifter)  Turns: 2859, Time: 00:02:39

Health: -8/35      AC:  1    Str: 16    XL:     5   Next: 90%
Magic:  5/5        EV: 13    Int: 10    God:    Ru [......]
Gold:   184        SH:  9    Dex: 13    Spells: 4/4 levels left

rFire   . .          .
                       - Unarmed
rCold   . . .        w - +0 buckler
rNeg    . . .        (helmet currently unavailable)
rPois   .            k - amulet of reflection
rElec   .            (no ring)
rCorr   .            (no ring)
SInv    .            (no ring)
Will    .....        (no ring)
Stlth   ++           (no ring)
HPRegen 0.25/turn    (no ring)
MPRegen 0.09/turn    (no ring)
                     (no ring)

%: reflection
@: beast-form
A: beast (slay +2), almost no armour, amphibious, 8 rings, camouflage 1,
gelatinous body 1, (nimble swimmer 1), tentacles
a: Begin Untransformation, Renounce Religion


You were on level 4 of the Dungeon.
You worshipped Ru.
Ru was noncommittal.
You were a hulking beast.
You visited 1 branch of the dungeon, and saw 4 of its levels.

You collected 184 gold pieces.

Inventory:

Armour
 w - a +0 buckler (worn)
Jewellery
 k - an amulet of reflection (around mantle)
Talismans
 b - a beast talisman (active)
 c - a flux talisman
Scrolls
 d - a scroll of immolation {unknown}
 e - 3 scrolls of identify {unknown}
 g - 2 scrolls of fear {unknown}
 h - a scroll of vulnerability {unknown}
 j - a scroll of teleportation {unknown}
 m - 2 scrolls of amnesia {unknown}
 n - 3 scrolls of fog {unknown}
 q - a scroll of brand weapon {unknown}
 r - a scroll of revelation {unknown}
 s - a scroll of blinking {unknown}
 t - a scroll of poison {unknown}
 v - a scroll of enchant armour {unknown}
Potions
 a - a potion of lignification
 f - a potion of ambrosia {unknown}
 i - a potion of might {unknown}
 l - 2 potions of curing {unknown}
 o - a potion of degeneration {unknown}
 p - a potion of berserk rage {unknown}
 u - 2 potions of mutation {unknown}


   Skills:
 + Level 2.4 Fighting
 + Level 3.1 Dodging
 + Level 0.6 Shields
 + Level 3.8 Unarmed Combat
 * Level 4.4 Shapeshifting


You had 4 spell levels left.
You didn't know any spells.
Your spell library contained the following spells:

 Spells                   Type           Power      Damage    Failure   Level
 Slow                     Hex            0%         N/A       45%         1
 Confusing Touch          Hex            0%         N/A       83%         3
 Vampiric Draining        Necr           0%         2d6       83%         3


Dungeon Overview and Level Annotations

Branches:
Dungeon (4/15)
 Temple: D:4-7

Altars:
Cheibriados
Elyvilon
Makhleb
Qazlal
Ru
Vehumet


Innate Abilities, Weirdness & Mutations

You are a hulking beast.
Your limbs bulge with bestial killing power. (Slay +2)
You cannot wear most types of armour.
You are amphibious.
You can wear up to eight rings at the same time.
Your skin changes colour to match your surroundings (Stealth+).
Your rubbery body absorbs attacks. (AC +1, EV +1)
((You are camouflaged when in or above water. (Stealth+)))
You have tentacles for arms and can constrict up to eight enemies at once.


Message History

The wyvern is heavily wounded.
You block the wyvern's attack.
You barely miss the wyvern. You squeeze the wyvern.
The wyvern is severely wounded.
The wyvern misses you.
You barely miss the wyvern.
The wyvern is severely wounded.
You block the wyvern's attack. The wyvern barely misses you.
You barely miss the wyvern.
The wyvern is severely wounded.
The wyvern barely misses you.
You tentacle-slap the wyvern.
The wyvern is almost dead.
The wyvern bites you!!
Ouch! That really hurt!
The wyvern completely misses you.
You are too injured to fight recklessly!
You are too injured to fight recklessly!
You are too injured to fight recklessly!
You are too injured to fight recklessly!
You are too injured to fight recklessly!
You are too injured to fight recklessly!
You are too injured to fight recklessly!
You are too injured to fight recklessly!
You are too injured to fight recklessly!
You are too injured to fight recklessly!
You are too injured to fight recklessly!
You are too injured to fight recklessly!
You are too injured to fight recklessly!
You are too injured to fight recklessly!
You tentacle-slap the wyvern.
The wyvern is almost dead.
You block the wyvern's attack.
Unknown command.
You tentacle-slap the wyvern but do no damage.
The wyvern is almost dead.
The wyvern bites you!
* * * LOW HITPOINT WARNING * * *
The wyvern bites you!
You die...

######################
#...#/h.##.....#.....##
####..#..#l.##...........#
#...#..#..#._#............
#.#..#..#..###............
#.##...#...##.............
#.##########..............
#..####...................
##......†...>.............
######....#.........†...#


You could see a wyvern.

Vanquished Creatures
  A scorpion (D:4)
  An iguana (D:4)
  6 adders
  3 worms
  2 dart slugs (D:1)
  3 bats
  8 endoplasms
  2 giant cockroaches
  5 hobgoblins
  8 jackals
  9 ball pythons
  A frilled lizard (D:1)
  4 goblins
  4 kobolds
  7 rats
64 creatures vanquished.

Notes
Turn   | Place    | Note
-------+----------+-------------------------------------------
     0 | D:1      | LeprechaunX the Octopode Shapeshifter began the quest for
                  | the Orb.
     0 | D:1      | Reached XP level 1. HP: 13/13 MP: 1/1
   145 | D:1      | Reached XP level 2. HP: 12/18 MP: 2/2
   188 | D:1      | You fall into a shaft and drop 1 floor!
   443 | D:1      | Reached XP level 3. HP: 14/23 MP: 3/3
   813 | D:1      | Found a faded altar of an unknown god.
  1226 | D:2      | Reached XP level 4. HP: 21/29 MP: 4/4
  1883 | D:3      | Found a radiant altar of Vehumet.
  2079 | D:3      | Found a white marble altar of Elyvilon.
  2290 | D:3      | Found a burning altar of Makhleb.
  2298 | D:3      | Found a sacrificial altar of Ru.
  2304 | D:3      | Found a snail-covered altar of Cheibriados.
  2383 | D:3      | Became a worshipper of Ru the Awakened
  2535 | D:4      | Reached skill level 4 in Shapeshifting
  2565 | D:4      | Reached XP level 5. HP: 34/34 MP: 5/5
  2848 | D:4      | Found a stormy altar of Qazlal.
  2848 | D:4      | Noticed a wyvern
  2859 | D:4      | Mangled by a wyvern

Illustrated notes

Levels and vault maps discovered:
D:1:      ncdulo_smallfort, layout_basic, shapermc_ecumenical_altar_flowoftime,
          minmay_pentomino_p4
D:2:      layout_rooms, serial_aquarium, aquarium_bridge_square
          [aquarium_subvault_bridge, aquarium_subvault_wall,
          aquarium_subvault_window, aquarium_subvault_window],
          aquarium_window_fake, aquarium_window_1, aquarium_window_fake,
          aquarium_view_2d, aquarium_view_2g, aquarium_balcony_3b,
          aquarium_pool_1, serial_park_tiny_2, kennysheep_cross_room
D:3:      layout_loops_ring, elyvilon_altar_1, minitemple,
          nicolae_vehumet_radiance
D:4:      layout_rooms, marbit_many_paths

Skill      XL: |  1  2  3  4  5 |
---------------+----------------+-----
Fighting       | 2 |  2.4
Shapeshifting  | 4 |  4.4
Dodging        | 3 |  3.1
Shields        | |  0.6
Unarmed Combat | |  3.8

Action                     |  1- 3 |  4- 6 || total
---------------------------+-------+-------++-------
  Melee: Unarmed           |    65 |    69 ||   134
         Tentacles         |    12 |    14 ||    26
         Constrict         |    13 |     9 ||    22
         Punch             |     4 |     1 ||     5
   Stab: Sleeping          |     2 |     7 ||     9
         Distracted        |       |     1 ||     1
 Armour: Skin              |     6 |     3 ||     9
  Dodge: Dodged            |    33 |    30 ||    63
  Block: Other             |       |     4 ||     4
         Buckler           |       |     7 ||     7

Table legend: (Time is in decaauts)
 A = Elapsed time spent in this place.
 B = Non-inter-level travel time spent in this place.
 C = Inter-level travel time spent in this place.
 D = Time resting spent in this place.
 E = Time spent auto-exploring this place.
 F = Levels seen in this place.
 G = Mean time per level.
                   A        B        C        D        E       F      G
               +--------+--------+--------+--------+--------+-----+--------+
         Total |   2850 |   2689 |    161 |      0 |   2305 |   4 |  712.5 |
       Dungeon |   2850 |   2689 |    161 |      0 |   2305 |   4 |  712.5 |
               +--------+--------+--------+--------+--------+-----+--------+

Top non-repeatable levels by time:
     D:1: 1022 daAuts
     D:3: 798 daAuts
     D:2: 589 daAuts
     D:4: 438 daAuts
